 Dungeon Crawl Stone Soup version 0.30-a0-696-g2367cd04db (webtiles) character file.

Game seed: 6403351147302155146

262 funkygono the Magician (level 5, -2/35 HPs)
             Began as a Demonspawn Fire Elementalist on Jan 20, 2023.
             Slain by an orc
             ... wielding a +0 trident
              (3 damage)
             ... on level 4 of the Dungeon.
             The game lasted 00:03:27 (3562 turns).

funkygono the Magician (DsFE)                       Turns: 3562, Time: 00:03:27

Health: -2/35      AC:  3    Str:  8    XL:     5   Next: 97%
Magic:  4/11       EV: 11    Int: 19    God:
Gold:   161        SH:  0    Dex: 13    Spells: 6/12 levels left

rFire   . . .      SeeInvis .    p - +0 whip (venom)
rCold   . . .      Faith    .    (no shield)
rNeg    + . .      Spirit   .    g - +0 leather armour
rPois   .          Reflect  .    (no helmet)
rElec   .          Harm     .    (no cloak)
rCorr   +          Rampage  .    (no gloves)
Will    .....                    (no boots)
Stlth   ++                       (no amulet)
HPRegen 0.25/turn                n - ring of positive energy
MPRegen 0.12/turn                s - ring of resist corrosion

@: no status effects
A: hooves 2, powered by death 1
a: no special abilities


You were on level 4 of the Dungeon.
You visited 1 branch of the dungeon, and saw 4 of its levels.

You collected 161 gold pieces.

Inventory:

Hand Weapons
 e - a +0 dagger
 p - a +0 whip of venom (weapon)
 r - a +1 dagger of electrocution
Missiles
 j - a throwing net
Armour
 a - a +0 robe
 g - a +0 leather armour (worn)
Jewellery
 n - a ring of positive energy (left hand)
 s - a ring of resist corrosion (right hand)
 v - a ring of protection from cold
Wands
 q - a wand of flame (14)
 w - a wand of digging (2)
Scrolls
 c - 4 scrolls of identify {unknown}
 d - a scroll of enchant weapon {unknown}
 h - a scroll of teleportation {unknown}
 l - a scroll of acquirement {unknown}
 m - 2 scrolls of amnesia {unknown}
 x - 2 scrolls of noise {unknown}
Potions
 b - a potion of magic
 f - a potion of mutation {unknown}
 i - 3 potions of flight {unknown}
 k - a potion of lignification {unknown}
 o - 4 potions of heal wounds {unknown}
 t - a potion of attraction {unknown}
 u - a potion of curing {unknown}


   Skills:
 + Level 1.4 Armour
 + Level 2.2 Dodging
 - Level 1.7 Stealth
 + Level 4.1 Spellcasting
 + Level 2.2 Conjurations
 + Level 3.8 Fire Magic


You had 6 spell levels left.
You knew the following spells:

 Your Spells              Type           Power      Damage    Failure   Level
a - Foxfire               Conj/Fire      60%        2x1d7     5%          1
b - Scorch                Fire           36%        2d6       6%          2
c - Kindle Blastsparks    Fire/Tloc/Air  16%        2d11      34%         3

Your spell library contained the following spells:

 Spells                   Type           Power      Damage    Failure   Level
 Inner Flame              Hex/Fire       11%        N/A       26%         3
 Flame Wave               Conj/Fire      15%        2d7       50%         4


Dungeon Overview and Level Annotations

Branches:
Dungeon (4/15)
 Temple: D:4-7

Altars:


Innate Abilities, Weirdness & Mutations

You have hoof-like feet.
You regenerate a little health from kills.


Message History

The orc is lightly wounded.
Casting: Foxfire (safe; 5% risk of failure)
Confirm with . or Enter, or press ? or * to list all spells.
You conjure some foxfire!
Your foxfire dissipates!
You hear some strange, mumbled words.
You are confused.
You're too confused to cast spells.
Sorry, you're not good enough to have a special ability.
You're too confused to cast spells.
Sorry, you're not good enough to have a special ability.
You're too confused to cast spells.
Sorry, you're not good enough to have a special ability.
Unknown command.
The orc hits you from afar with a +0 trident!
An orc wizard appears from thin air!
Reactivating autopickup.
An orc wizard comes into view. It is wielding a +1 vampiric dagger.
The orc closely misses you. The black bear barely misses you.
The black bear claws you. x2
The orc wizard casts a spell at you. The magic dart hits you!
The orc hits you but does no damage. The black bear closely misses you.
The black bear barely misses you.
The black bear claws you but does no damage.
The black bear bites you. The black bear claws you.
The black bear claws you but does no damage.
The orc wizard attacks as you move away!
The orc wizard hits you with a +1 vampiric dagger.
The black bear attacks as you move away!
The black bear closely misses you. x2; The black bear claws you.
* * * LOW HITPOINT WARNING * * *
The orc hits you but does no damage. The orc wizard casts a spell at you.
The puff of flame hits you!
* * * LOW HITPOINT WARNING * * *
You bump into the stone wall.
You feel less confused.
The orc hits you from afar with a +0 trident.
You die...

....................#####
............#..#.#......#
..........###..##########
...........##..###
.................###
...>.......#.##....###
..#..)........oo.....#
..#................###
..#####........h@###
..##.....##......#
#....)...##))....######## #
##........#)............## ##
.<........#...#...<......# ##.
#...........).##.........### #..
#..........................####..
.................................
.....................#...........


You could see a black bear, an orc wizard and an orc.

Vanquished Creatures
  An ogre (D:4)
  An iguana (D:4)
  Jessica (D:3)
  Terence (D:3)
  3 adders
  2 ufetubi (D:4)
  A dart slug (D:2)
  7 orcs (D:4)
  2 bats (D:2)
  An endoplasm (D:1)
  2 giant cockroaches
  3 goblins (D:4)
  8 hobgoblins
  2 jackals (D:1)
  A quokka (D:2)
  4 ball pythons
  3 frilled lizards
  7 kobolds
  4 rats
54 creatures vanquished.

Vanquished Creatures (others)
  179 foxfires
179 creatures vanquished.

Grand Total: 233 creatures vanquished

Notes
Turn   | Place    | Note
-------+----------+-------------------------------------------
     0 | D:1      | funkygono the Demonspawn Fire Elementalist began the quest
                  | for the Orb.
     0 | D:1      | Reached XP level 1. HP: 13/13 MP: 3/3
   658 | D:1      | Discovered your monstrous ancestry.
   658 | D:1      | Gained mutation: You have large cloven feet. [demonic
                  | ancestry]
   658 | D:1      | Reached XP level 2. HP: 17/19 MP: 1/5
   661 | D:1      | Learned a level 2 spell: Scorch
   810 | D:1      | Found a faded altar of an unknown god.
  1486 | D:2      | Gained mutation: You have hoof-like feet. [demonic
                  | ancestry]
  1486 | D:2      | Reached XP level 3. HP: 24/24 MP: 3/6
  1490 | D:2      | Learned a level 3 spell: Kindle Blastsparks
  2288 | D:3      | Noticed Terence
  2295 | D:3      | Killed Terence
  2296 | D:3      | Reached skill level 1 in Armour
  2296 | D:3      | Reached skill level 3 in Spellcasting
  2296 | D:3      | Reached XP level 4. HP: 13/30 MP: 0/8
  2906 | D:3      | Noticed Jessica
  2908 | D:3      | Killed Jessica
  3109 | D:4      | Noticed an ogre
  3115 | D:4      | Killed an ogre
  3116 | D:4      | Gained mutation: You regenerate a little health from kills.
                  | [demonic ancestry]
  3116 | D:4      | Reached XP level 5. HP: 35/35 MP: 2/10
  3234 | D:4      | Reached skill level 4 in Spellcasting
  3538 | D:4      | Noticed a black bear
  3561 | D:4      | HP: 1/35 [orc wizard/puff of flame (8)]
  3562 | D:4      | Slain by an orc

Illustrated notes

Levels and vault maps discovered:
D:1:      sevenhm_arrival_forest_fort_small_5, layout_loops_ring,
          shapermc_ecumenical_altar_pompeii
D:2:      layout_basic
D:3:      layout_basic, uniq_jessica, uniq_terence
D:4:      layout_cave_pools, minmay_overflow_temple_star_hex

Skill      XL: |  1  2  3  4  5 |
---------------+----------------+-----
Dodging        | 2 |  2.2
Fire Magic     | 3 |  3.8
Armour         | 1 |  1.4
Spellcasting   | 3 4 |  4.1
Conjurations   | 2 |  2.2
Stealth        | |  1.7

Action                   |  1- 3 |  4- 6 || total
-------------------------+-------+-------++-------
Melee: Dagger            |     9 |       ||     9
       Kick              |     2 |       ||     2
       Whip              |       |     1 ||     1
 Cast: Foxfire           |    56 |    49 ||   105
       Scorch            |     1 |     6 ||     7
Armor: Leather armour    |     9 |     5 ||    14
Dodge: Dodged            |    19 |    11 ||    30

Table legend: (Time is in decaauts)
 A = Elapsed time spent in this place.
 B = Non-inter-level travel time spent in this place.
 C = Inter-level travel time spent in this place.
 D = Time resting spent in this place.
 E = Time spent auto-exploring this place.
 F = Levels seen in this place.
 G = Mean time per level.
                   A        B        C        D        E       F      G
               +--------+--------+--------+--------+--------+-----+--------+
         Total |   3561 |   3443 |    118 |      0 |   3031 |   4 |  890.2 |
       Dungeon |   3561 |   3443 |    118 |      0 |   3031 |   4 |  890.2 |
               +--------+--------+--------+--------+--------+-----+--------+

Top non-repeatable levels by time:
     D:2: 1194 daAuts
     D:1: 1094 daAuts
     D:3: 696 daAuts
     D:4: 575 daAuts
